 Dungeon Crawl Stone Soup version 0.22-a0-402-ga933591 (webtiles) character file.

106 iamserjio the Bolt Thrower (level 5, -1/30 HPs)
             Began as a Kobold Hunter on May 7, 2018.
             Slain by a sky beast (3 damage)
             ... on level 2 of the Dungeon.
             The game lasted 00:13:36 (4048 turns).

iamserjio the Bolt Thrower (Kobold Hunter)          Turns: 4048, Time: 00:13:37

Health: -1/30      AC:  4    Str: 10    XL:     5   Next: 10%
Magic:  5/5        EV: 16    Int: 12    God:
Gold:   106        SH:  0    Dex: 16    Spells: 4/4 levels left

rFire    . . .     SeeInvis .   r - +2 dagger (drain)
rCold    . . .     Gourm    .   (shield restricted)
rNeg     . . .     Faith    .   c - +0 leather armour
rPois    .         Spirit   .   (no helmet)
rElec    .         Reflect  .   q - +0 cloak (curse)
rCorr    .         Harm     .   (no gloves)
MR       .....                  (no boots)
Stlth    ++........             (no amulet)
HPRegen  0.10/turn              (no ring)
MPRegen  0.09/turn              (no ring)

@: about to teleport
A: small, carnivore
a: no special abilities


You were on level 2 of the Dungeon.
You were full.

You visited 1 branch of the dungeon, and saw 3 of its levels.

You collected 106 gold pieces.

Inventory:

Hand Weapons
 a - a +1 hand crossbow
 r - a +2 dagger of draining (weapon)
Missiles
 d - 10 bolts
Armour
 c - a +0 leather armour (worn)
 j - a +3 ring mail
 q - a cursed +0 cloak (worn)
Jewellery
 v - an uncursed ring of protection from fire {unknown}
 w - a +4 amulet of reflection {unknown}
Wands
 x - a wand of paralysis (13)
Scrolls
 b - a scroll of magic mapping {unknown}
 e - a scroll of teleportation
 h - 2 scrolls of amnesia
 i - a scroll of enchant armour {unknown}
 l - a scroll of fear {unknown}
 n - a scroll of remove curse {unknown}
 p - a scroll of fog
Potions
 m - a potion of haste {unknown}
 o - a potion of ambrosia {unknown}
 s - a potion of brilliance
 t - a potion of mutation {unknown}
 u - a potion of might
Comestibles
 f - 7 rations


   Skills:
 - Level 2.1 Fighting
 * Level 6.2 Crossbows
 + Level 1.5 Armour
 + Level 3.5 Dodging
 - Level 1.3 Stealth


You had 4 spell levels left.
You didn't know any spells.

Dungeon Overview and Level Annotations

Branches:
Dungeon (3/15)

Altars:
The Shining One

Annotations:
D:2 Sigmund


Innate Abilities, Weirdness & Mutations

You are small and have problems with some larger weapons.
You are carnivorous and can eat meat at any time.


Message History

The sky beast shocks you.
* * * LOW HITPOINT WARNING * * *
The sky beast flickers out of sight!
Deactivating autopickup; reactivate with Ctrl-A.
A sky beast appears from thin air!
Reactivating autopickup.
The sky beast flickers out of sight!
Deactivating autopickup; reactivate with Ctrl-A.
A sky beast appears from thin air!
Reactivating autopickup.
Sigmund shouts!
The sky beast flickers out of sight!
Deactivating autopickup; reactivate with Ctrl-A.
As you read the scroll of fog, it crumbles to dust.
The scroll dissolves into smoke.
As you read the scroll of teleportation, it crumbles to dust.
You feel strangely unstable. Something hits you.
* * * LOW HITPOINT WARNING * * *
Something shocks you.
You die...

................#.##.#.##......#.
#.#####.##......#.##.#...........
..#####.##...####................
.....................#.###.#.###.
..#####.##...###...........#.# #.
##.# #.##.....>...........#.# #.
##.# #.##...#######.#.###.### #.
##.####.##...#######.#.# #.#####.
........##...##§@{@§@#.# #.......
##.#######...#######.#.# #.#####.
##.# #...# #.#.# #.# #. ##.#
#...# #{#.# #.# ##
##.#######...#######.#.###.######
.................................
##.#######.#.#########.###.######
.............# #...........
...#######.### ############


You could see Sigmund.

Vanquished Creatures
  An adder (D:2)
  3 oozes
  A worm (D:3)
  3 dart slugs
  4 leopard geckos
  2 orcs (D:3)
  7 bats
  7 giant cockroaches
  5 goblins (D:1)
  11 hobgoblins
  2 jackals (D:1)
  5 kobolds
  A quokka (D:3)
  7 frilled lizards
  9 rats
68 creatures vanquished.

Notes
Turn   | Place    | Note
-------+----------+-------------------------------------------
     0 | D:1      | iamserjio the Kobold Hunter began the quest for the Orb.
     0 | D:1      | Reached XP level 1. HP: 12/12 MP: 1/1
    39 | D:1      | Reached skill level 5 in Crossbows
    40 | D:1      | Reached XP level 2. HP: 17/17 MP: 2/2
   544 | D:1      | Reached XP level 3. HP: 21/21 MP: 3/3
  1275 | D:2      | Reached skill level 1 in Armour
  1456 | D:2      | Reached XP level 4. HP: 26/26 MP: 4/4
  1509 | D:2      | Found a glowing golden altar of the Shining One.
  1708 | D:2      | Noticed Sigmund
  2165 | D:3      | Reached skill level 6 in Crossbows
  3887 | D:2      | Reached XP level 5. HP: 30/30 MP: 5/5
  3997 | D:2      | Noticed a sky beast
  4024 | D:2      | HP: 1/30 [sky beast (3)]
  4048 | D:2      | Slain by a sky beast

Vault maps used:
D:1:      minmay_arrival_shattered_statue
D:2:      nicolae_tso_carved_into_rock, gammafunk_temple_overflow_statue,
          first_ration, kennysheep_generic_room_6, uniq_sigmund

Skill      XL: |  1  2  3  4 |
---------------+-------------+-----
Crossbows      | 5 6 |  6.2
Dodging        | 3 |  3.5
Armour         | 1 |  1.5
Fighting       | |  2.1
Stealth        | |  1.3

Action                   |  1- 3 |  4- 6 || total
-------------------------+-------+-------++-------
Melee: Dagger            |    21 |    80 ||   101
 Fire: Hand crossbow     |    53 |    26 ||    79
  Use: Scroll            |       |     5 ||     5
       Potion            |       |     3 ||     3
 Stab: Sleeping          |     1 |     2 ||     3
  Eat: Chunk             |    10 |     5 ||    15
Armor: Leather armour    |     2 |    17 ||    19
Dodge: Dodged            |    25 |    61 ||    86

Table legend:
 A = Spawn XP
 B = Non-spawn XP
 C = Spawn XP percentage of total XP
 D = Spawn monster count
 E = Non-spawn monster count
 F = Spawn count percentage of total count
 G = Total turns spent on level
                    A         B        C        D         E        F      G
               +---------+---------+-------+---------+---------+-------+---------
         Total |       0 |     152 |   0.0 |       0 |      68 |   0.0 |  4048
               +---------+---------+-------+---------+---------+-------+---------
           D:1 |       0 |      45 |   0.0 |       0 |      27 |   0.0 |  1268
           D:2 |       0 |      63 |   0.0 |       0 |      22 |   0.0 |   831
           D:3 |       0 |      44 |   0.0 |       0 |      19 |   0.0 |  1949
               +---------+---------+-------+---------+---------+-------+---------
